 Dungeon Crawl Stone Soup version 0.31-a0-237-g2d982f9f85 (webtiles) character file.

Game seed: 3889534971173200993

118 qw the Shooter (level 4, -1/36 HPs)
             Began as a Minotaur Hexslinger on July 11, 2023.
             Slain by Ijyb
             ... wielding a +0 club
              (5 damage)
             ... on level 2 of the Dungeon.
             The game lasted 00:00:41 (1431 turns).

qw the Shooter (Minotaur Hexslinger)                Turns: 1431, Time: 00:00:42

Health: -1/36      AC:  6    Str: 13    XL:     4   Next: 72%
Magic:  4/4        EV: 16    Int: 10    God:
Gold:   83         SH:  0    Dex: 14    Spells: 4/5 levels left

rFire   . . .        f - +2 sling (freeze)
rCold   . . .        (no shield)
rNeg    . . .        h - +0 ring mail
rPois   .            (helmet restricted)
rElec   .            (no cloak)
rCorr   .            (no gloves)
SInv    .            c - +0 pair of boots
Will    .....        (no amulet)
Stlth   +            d - +5 ring of evasion
HPRegen 0.26/turn    (no ring)
MPRegen 0.09/turn

%: no passive effects
@: no status effects
A: horns 2, retaliatory headbutt
a: no special abilities


You were on level 2 of the Dungeon.
You visited 1 branch of the dungeon, and saw 3 of its levels.

You collected 83 gold pieces.


Innate Abilities, Weirdness & Mutations

You have a pair of horns on your head.
You reflexively headbutt those who attack you in melee.


   Skills:
 + Level 2.0 Fighting
 - Level 5.0 Ranged Weapons
 - Level 1.1 Armour
 - Level 2.1 Dodging
 - Level 1.0 Spellcasting
 - Level 2.0 Hexes


You had 4 spell levels left.
You knew the following spells:

 Your Spells              Type           Power      Damage    Failure   Level
a - Slow                  Hex            16%        N/A       32%         1

Your spell library contained the following spells:

 Spells                   Type           Power      Damage    Failure   Level
 Inner Flame              Hex/Fire       2%         N/A       82%         3
 Portal Projectile        Hex/Tloc       4%         N/A       82%         3
 Cause Fear               Hex            2%         N/A       97%         4

Inventory:

Hand Weapons
 f - a +2 sling of freezing (weapon)
Armour
 c - a +0 pair of boots (worn)
 h - a +0 ring mail (worn)
Jewellery
 d - a +5 ring of evasion (left hand)
Scrolls
 e - a scroll of identify
Potions
 a - a potion of mutation
 b - a potion of ambrosia {unknown}
 g - a potion of brilliance {unknown}
 i - a potion of curing
 j - a potion of enlightenment {unknown}
 k - a potion of might {unknown}
 l - a potion of haste {unknown}

Dungeon Overview and Level Annotations

Branches:
Dungeon (3/15)

Altars:

Shops:
D:2 *

Annotations:
D:2 Ijyb


Message History

There is a stone staircase leading down here.
You shoot a sling bullet. The sling bullet closely misses Ijyb.
Ijyb barely misses you. Ijyb hits you but does no damage.
You shoot a sling bullet.
The sling bullet hits Ijyb but does no damage.
Ijyb is moderately wounded.
Ijyb hits you but does no damage.
You shoot a sling bullet.
The sling bullet hits Ijyb but does no damage.
Ijyb is moderately wounded.
Ijyb hits you with a +0 club. Ijyb barely misses you.
You shoot a sling bullet.
The sling bullet hits Ijyb but does no damage.
Ijyb is moderately wounded.
Ijyb hits you but does no damage. Ijyb closely misses you. Ijyb misses you.
You shoot a sling bullet. The sling bullet closely misses Ijyb.
Ijyb hits you with a +0 club.
You shoot a sling bullet. The sling bullet hits Ijyb.
The sling bullet freezes Ijyb.
Ijyb is heavily wounded.
Ijyb closely misses you. Ijyb misses you. You furiously retaliate!
You headbutt Ijyb. You shoot a sling bullet.
The sling bullet barely misses Ijyb.
Ijyb hits you with a +0 club. Ijyb barely misses you.
You shoot a sling bullet.
The sling bullet hits Ijyb but does no damage.
Ijyb is severely wounded.
Ijyb barely misses you. You furiously retaliate!
You headbutt Ijyb. Ijyb hits you but does no damage.
You shoot a sling bullet. The sling bullet barely misses Ijyb.
Ijyb misses you. Ijyb hits you with a +0 club.
You shoot a sling bullet. The sling bullet closely misses Ijyb.
Ijyb completely misses you. Ijyb barely misses you.
You shoot a sling bullet. The sling bullet barely misses Ijyb.
Ijyb hits you with a +0 club. Ijyb barely misses you.
You shoot a sling bullet. The sling bullet hits Ijyb.
The sling bullet freezes Ijyb.
Ijyb is almost dead.
Ijyb hits you with a +0 club. x2
You die...

#..........+....)..'....<#
..##########.......#######
..#..#.#.....#######
#.#....#...#.#####
###..#...#.#.#..<#
..#'####.#.#.#.###
.}..#<.#...#...#
\..###.###########
.}.#...........g@#
..##.#########.#.# #.'..#
#..).#.# ###### #....'.#
...# #....#.# ##.#
#....#.# ##.# #....#.#
...#############.#
............####.#


You could see Ijyb (berserk).

Vanquished Creatures
  Jessica (D:2)
  4 adders (D:2)
  A worm (D:2)
  4 dart slugs
  An endoplasm (D:1)
  A giant cockroach (D:1)
  5 goblins
  6 hobgoblins
  3 quokkas
  5 ball pythons
  4 bats (D:1)
  6 kobolds (D:2)
  7 rats
48 creatures vanquished.

Notes
Turn   | Place    | Note
-------+----------+-------------------------------------------
     0 | D:1      | qw the Minotaur Hexslinger began the quest for the Orb.
     0 | D:1      | Reached XP level 1. HP: 16/16 MP: 1/1
     0 | D:1      | 0 ||| qw: Version: 0.3-a-52-g30416fa
     0 | D:1      | 0 ||| qw: Game counter: 5705
     0 | D:1      | 0 ||| qw: Melee chars always use a shield: true
     0 | D:1      | 0 ||| qw: God list: Okawaru
     0 | D:1      | 0 ||| qw: Allow faded altars: false
     0 | D:1      | 0 ||| qw: Do Orc after clearing Dungeon:15 true
     0 | D:1      | 0 ||| qw: Do second Lair branch before Depths: true
     0 | D:1      | 0 ||| qw: Lair rune preference: random
     0 | D:1      | 0 ||| qw: Goals: Normal
     0 | D:1      | 0 ||| PLANNING D:1-11
   164 | D:1      | Reached skill level 3 in Ranged Weapons
   177 | D:1      | Reached XP level 2. HP: 23/23 MP: 2/2
   602 | D:1      | 602 ||| UPGRADING to +0 ring mail.
   612 | D:1      | 612 ||| DROPPING +0 robe.
   613 | D:1      | 613 ||| UPGRADING to +5 ring of evasion.
   614 | D:1      | 614 ||| READING scroll labelled DEGIGY UDOUMIG.
   615 | D:1      | 615 ||| READING scroll labelled BIS GYZETTILYSK.
   618 | D:1      | 618 ||| READING scroll labelled YRPHEI JUTOUM.
   619 | D:1      | 619 ||| READING scroll labelled VUELIO EBOE.
   620 | D:1      | 620 ||| READING scroll labelled JAROIX LATAIN.
   621 | D:1      | 621 ||| DROPPING scroll of poison.
   674 | D:2      | Reached XP level 3. HP: 29/29 MP: 3/3
   696 | D:2      | Found Kiluor's General Store.
   708 | D:2      | 708 ||| SHOPLISTING potion of haste (100 gold, have 46).
   708 | D:2      | 708 ||| SHOPLISTING ring of resist corrosion (200 gold,
                  | have 46).
   708 | D:2      | 708 ||| SHOPLISTING ring of see invisible (150 gold, have
                  | 46).
   708 | D:2      | 708 ||| SHOPLISTING scroll of enchant weapon (75 gold, have
                  | 46).
   760 | D:2      | Noticed Jessica
   771 | D:2      | Killed Jessica
   772 | D:2      | Reached skill level 4 in Ranged Weapons
   872 | D:2      | Reached skill level 1 in Armour
   872 | D:2      | Reached XP level 4. HP: 36/36 MP: 4/4
  1066 | D:2      | Reached skill level 5 in Ranged Weapons
  1095 | D:2      | 1095 ||| SWAPPING to +2 sling of freezing.
  1096 | D:2      | 1096 ||| DROPPING +1 sling.
  1209 | D:2      | 1209 ||| UPGRADING to +0 pair of boots.
  1214 | D:2      | 1214 ||| READING 2 scrolls of identify.
  1214 | D:2      | 1214 ||| IDENTIFYING fuming brown potion
  1285 | D:3      | Noticed Ijyb
  1289 | D:3      | 1289 ||| FLEEEEING.
  1290 | D:3      | 1290 ||| FLEEEEING.
  1291 | D:3      | 1291 ||| FLEEEEING.
  1292 | D:3      | 1292 ||| FLEEEEING.
  1293 | D:3      | 1293 ||| FLEEEEING.
  1294 | D:3      | 1294 ||| FLEEEEING.
  1295 | D:3      | 1295 ||| FLEEEEING.
  1296 | D:3      | 1296 ||| FLEEEEING.
  1297 | D:3      | 1297 ||| FLEEEEING.
  1299 | D:3      | 1299 ||| FLEEEEING.
  1300 | D:3      | 1300 ||| FLEEEEING.
  1303 | D:3      | 1303 ||| FLEEEEING.
  1304 | D:3      | 1304 ||| FLEEEEING.
  1305 | D:3      | 1305 ||| FLEEEEING.
  1306 | D:3      | 1306 ||| FLEEEEING.
  1307 | D:3      | 1307 ||| STAIRDANCE
  1418 | D:3      | 1418 ||| STAIRDANCE
  1430 | D:2      | HP: 7/36 [Ijyb/+0 club (6)]
  1431 | D:2      | Slain by Ijyb

Levels and vault maps discovered:
D:1:      lemuel_arrival_hallway, layout_loops_ring
D:2:      layout_basic, serial_shops, nicolae_shop_rolling_square,
          minmay_box_of_dots, uniq_jessica
D:3:      layout_loops_ring, chequers_serial_rivers_micro_b, corexii_shack,
          kennysheep_another_room, uniq_ijyb

Skill      XL: |  1  2  3  4 |
---------------+-------------+-----
Ranged Weapons | 3 4 5 |  5.0
Fighting       | 2 |  2.0
Armour         | 1 |  1.1
Dodging        | |  2.1
Spellcasting   | |  1.0
Hexes          | |  2.0

Action                     |  1- 3 |  4- 6 || total
---------------------------+-------+-------++-------
   Fire: Sling             |    81 |    70 ||   151
    Use: Scroll            |     5 |     1 ||     6
 Armour: Robe              |     6 |       ||     6
         Ring mail         |     2 |    12 ||    14
  Dodge: Dodged            |    28 |    47 ||    75

Table legend:
 A = Non-vault XP
 B = Vault XP
 C = Vault XP percentage of total XP
 D = Non-vault monster count
 E = Vault monster count
 F = Vault count percentage of total count
                 A         B        C        D         E       F
            +---------+---------+-------+---------+---------+-------
      Total |     132 |      37 |  21.9 |      47 |       1 |   2.1
            +---------+---------+-------+---------+---------+-------
        D:1 |      40 |       0 |   0.0 |      22 |       0 |   0.0
        D:2 |      91 |      37 |  28.9 |      24 |       1 |   4.0
        D:3 |       1 |       0 |   0.0 |       1 |       0 |   0.0
            +---------+---------+-------+---------+---------+-------
